 Dungeon Crawl Stone Soup version 0.23.2-40-g277498a001 (webtiles) character file.

Game seed: 2972749222719797761

7677 E5v7xujuF the Frost Mage (level 11, -5/90 (97) HPs)
             Began as a Ghoul Ice Elementalist on Sept 12, 2019.
             Was a Priest of Yredelemnul.
             Slain by a yak (8 damage)
             ... in an ice cave.
             The game lasted 01:53:44 (12978 turns).

E5v7xujuF the Frost Mage (Ghoul Ice Elementalist)  Turns: 12978, Time: 01:53:45

HP:   -5/90 (97)    AC: 13    Str: 23    XL:     11   Next: 19%
MP:   8/18          EV: 13    Int: 13    God:    Yredelemnul [***...]
Gold: 654           SH:  0    Dex:  9    Spells: 12/20 levels left

rFire    . . .     SeeInvis .   a - +1 mace (crush)
rCold    + + +     Gourm    .   (no shield)
rNeg     + + +     Faith    .   O - +3 leather armour {rN+}
rPois    ∞         Spirit   .   G - +0 helmet of Gunnuzu {*Drain +Inv rC++ Str+4}
rElec    .         Reflect  .   I - +2 cloak {rPois}
rCorr    .         Harm     .   l - +2 pair of gloves
MR       .....                  (no boots)
Stlth    ++........             (no amulet)
HPRegen  0.00/turn              o - ring of stealth
MPRegen  0.16/turn              J - +6 ring of strength

@: very slightly contaminated, rotting
A: rotting body, claws 1, carnivore, cold resistance 1, negative energy
resistance 3, inhibited regeneration, torment resistance, unbreathing
a: Recall Undead Slaves, Injury Mirror, Animate Dead, Renounce Religion, Evoke
Invisibility


You were in an ice cave.
You worshipped Yredelemnul.
Yredelemnul was most pleased with you.
You were not hungry.

You visited 3 branches of the dungeon, and saw 12 of its levels.
You also visited: Ice Cave.

You collected 654 gold pieces.

Inventory:

Hand Weapons
 a - a +1 mace of crushing (weapon)
 b - a +1 hunting sling of freezing
 B - a +2 quarterstaff of chaos
 C - a +0 dagger of chaos
 H - a +1 whip of flaming
 N - a +0 blowgun
Missiles
 n - 54 sling bullets
 L - 2 throwing nets (quivered)
 M - 8 curare-tipped needles
Armour
 l - a +2 pair of gloves (worn)
 G - the +0 helmet of Gunnuzu (worn) {*Drain +Inv rC++ Str+4}
   (You found it on level 9 of the Dungeon)

   It affects your strength (+4).
   It greatly protects you from cold.
   It lets you turn invisible.
   It causes draining when unequipped.
 I - a +2 cloak of poison resistance (worn)
 O - a +3 leather armour of positive energy (worn)
Jewellery
 e - an uncursed ring of protection from cold
 o - a ring of stealth (left hand)
 J - a +6 ring of strength (right hand)
Wands
 q - a wand of random effects (15)
 D - a wand of paralysis (5)
 Q - a wand of scattershot (2)
 R - a wand of disintegration (8)
Scrolls
 f - a scroll of identify
 i - a scroll of magic mapping
 j - a scroll of blinking
 r - 3 scrolls of remove curse
 s - 3 scrolls of immolation
 v - a scroll of enchant armour {unknown}
 w - a scroll of amnesia
 E - a scroll of random uselessness
 P - a scroll of teleportation
Potions
 d - 2 potions of cancellation
 g - 4 potions of flight
 h - 2 potions of lignification
 k - 2 potions of heal wounds
 m - a potion of mutation
 p - 4 potions of curing
 t - 5 potions of agility
 u - a potion of berserk rage {unknown}
 x - a potion of invisibility
 z - a potion of haste {unknown}
 A - a potion of ambrosia {unknown}
 F - 4 potions of brilliance
Miscellaneous
 K - a crystal ball of energy
Comestibles
 c - 11 rations


   Skills:
 + Level 9.1 Fighting
 - Level 5.3 Dodging
 - Level 2.1 Stealth
 - Level 5.4 Spellcasting
   Level 0.7 Conjurations
 + Level 6.1 Summonings
 + Level 9.8 Ice Magic
 + Level 6.0 Invocations


You had 12 spell levels left.
You knew the following spells:

 Your Spells              Type           Power        Failure   Level  Hunger
a - Freeze                Ice            ####         1%          1    None
b - Ozocubu's Armour      Chrm/Ice       ###.....     9%          3    ###....
c - Summon Ice Beast      Ice/Summ       ###.....     8%          4    ####...

Your spell library contained the following spells:

 Spells                   Type           Power        Failure   Level  Hunger
 Throw Frost              Conj/Ice       ###...       3%          2    ##.....
 Throw Icicle             Conj/Ice       ###.....     24%         4    ####...


Dungeon Overview and Level Annotations

Branches:
Dungeon (9/15)             Temple (1/1) D:6             Orc (2/2) D:9
   Lair: D:8-11         Elf: Orc:2

Altars:
Ashenzari
Cheibriados
Dithmenos
Elyvilon
Fedhas
Gozag
Hepliaklqana
Kikubaaqudgha
Makhleb
Nemelex Xobeh
Okawaru
Qazlal
Ru
Sif Muna
Trog
Uskayaw
Vehumet
Wu Jian
Xom
Yredelemnul
Zin
The Shining One

Shops:
D:9 (

Annotations:
D:6 1 runed translucent door, mys's ghost, novice NaAK
Orc:1 1 runed translucent door
Orc:2 Azrael IceCv exclusion: ice statue


Innate Abilities, Weirdness & Mutations

Your body is rotting away.
You thrive on raw meat.
You are immune to poison.
You have sharp fingernails.
You are carnivorous and can eat meat at any time.
Your flesh is cold resistant. (rC+)
You are immune to negative energy. (rN+++)
You do not regenerate when monsters are visible.
You are immune to unholy pain and torment.
You can survive without breathing.


Message History

The sling bullet freezes the yak.
The yak is severely wounded.
Firing (i - inventory. (/) - cycle)
n - 55 sling bullets (quivered)
Press: ? - help, Shift-Dir - straight line, f/p - yak
Aim: a yak (severely wounded)
You shoot a sling bullet. The sling bullet hits the yak.
The sling bullet freezes the yak.
The yak is severely wounded.
Your +1 hunting sling of freezing stops glowing.
a - a +1 mace of crushing (weapon)
Casting: Ozocubu's Armour (safe; 9% risk of failure)
Confirm with . or Enter, or press ? or * to list all spells.
Aiming: Freeze (safe; 1% risk of failure)
Press: ? - help, Shift-Dir - straight line, f/p - yak
Aim: a yak (severely wounded)
You freeze the yak!
The yak is almost dead.
The yak gores you!
You die...
Yredelemnul claims you as an undead slave.

#..#....#
#.####.##
#..###### ##
#..##.##.## .
##....Z##.##
###.##.##...8..#.#
≈≈..#.# ####..#..#
#...### ##.##.#
#.h#.# ####@#
##...## #Y##
##..h# ##Y# ###.##
##(.# ##h###..##
#Y##.(.##
#####.#(###.#
##.h#..#....##
##...#h###..##


You could see 2 yaks.

Vanquished Creatures
  Harold (D:7)
  Pikel (D:6)
  Maurice (D:8)
  Joseph (D:8)
  Psyche (D:8)
  A polar bear (IceCv)
  2 hippogriffs
  Grinder (D:3)
  A hog (D:7)
  2 humans
  2 yaks
  A hungry ghost (D:7)
  Edmund (D:6)
  A warg (D:8)
  Duvessa (D:7)
  A water moccasin (D:8)
  2 orc warriors
  A phantom (D:5)
  3 ice beasts
  2 slaves (D:6)
  A sky beast (D:8)
  2 ogres
  5 wolves
  3 big kobolds
  A bullfrog (D:7)
  A scorpion (D:4)
  Dowan (D:7)
  5 killer bees (D:7)
  A howler monkey (D:8)
  4 crimson imps
  A centaur zombie (D:7)
  A bullfrog zombie (D:5)
  A hound (D:6)
  2 jellies
  Crazy Yiuf (D:5)
  An orc priest (D:9)
  2 orc wizards
  A bullfrog skeleton (D:5)
  3 centaur skeletons
  3 iguanas
  4 worker ants
  2 killer bee zombies
  A worker ant zombie (D:8)
  4 gnolls (D:6)
  A howler monkey skeleton (D:4)
  5 adders
  A shadow imp (D:8)
  2 oozes
  2 adder skeletons
  7 worms
  2 dart slugs (D:3)
  6 leopard geckos
  13 orcs
  A ball python (D:4)
  5 giant cockroaches
  9 goblins
  8 hobgoblins
  3 jackals (D:8)
  21 kobolds
  3 quokkas
  8 bats
  7 frilled lizards
  6 rats
188 creatures vanquished.

Vanquished Creatures (collateral kills)
  2 polar bears (IceCv)
  A hippogriff (D:9)
  2 yaks (IceCv)
  Grum (D:8)
  A hungry ghost (D:9)
  2 hogs (D:7)
  A water moccasin (D:8)
  2 black bears (D:8)
  7 wolves
  A gnoll sergeant (D:8)
  2 howler monkeys (D:7)
  A crimson imp (D:8)
  2 orc wizards (D:8)
  5 gnolls (D:8)
  A shadow imp (D:8)
  8 orcs
  3 kobolds (D:8)
42 creatures vanquished.

Vanquished Creatures (others)
  A polar bear (IceCv)
  2 yaks (IceCv)
  A slave (D:7)
  A human skeleton (D:7)
  A polar bear skeleton (IceCv)
  A yak zombie (IceCv)
  A howler monkey (D:7)
  3 wolf zombies (IceCv)
  4 wolf skeletons (IceCv)
  A big kobold zombie (D:8)
  An ogre zombie (D:8)
  A human zombie (D:8)
  An iguana zombie (D:7)
  4 orc zombies
  An orc (D:7)
  4 gnoll zombies (D:8)
  A kobold skeleton (D:7)
  A kobold zombie (D:8)
  3 orc skeletons
33 creatures vanquished.

Grand Total: 263 creatures vanquished

Notes
Turn   | Place    | Note
-------+----------+-------------------------------------------
     0 | D:1      | E5v7xujuF the Ghoul Ice Elementalist began the quest for
                  | the Orb.
     0 | D:1      | Reached XP level 1. HP: 14/14 MP: 2/2
   214 | D:1      | Reached XP level 2. HP: 18/22 MP: 3/3
   740 | D:1      | Reached skill level 1 in Fighting
   908 | D:2      | Reached XP level 3. HP: 28/28 MP: 0/5
  1719 | D:3      | Noticed Grinder
  1818 | D:3      | Reached XP level 4. HP: 35/35 MP: 2/6
  2204 | D:3      | Paralysed by Grinder for 5 turns
  2652 | D:3      | Killed Grinder
  2652 | D:3      | Reached XP level 5. HP: 30/45 MP: 6/8
  2652 | D:3      | Reached XP level 6. HP: 34/51 MP: 6/9
  3092 | D:4      | Learned a level 4 spell: Summon Ice Beast
  3242 | D:4      | Noticed an ice beast
  3252 | D:4      | Killed an ice beast
  3252 | D:4      | Reached skill level 5 in Ice Magic
  3252 | D:4      | Reached XP level 7. HP: 47/57 MP: 9/11
  3755 | D:5      | Entered Level 5 of the Dungeon
  4114 | D:5      | Reached XP level 8. HP: 14/67 MP: 7/13
  4907 | D:5      | Found a runed translucent door.
  4908 | D:5      | Noticed Crazy Yiuf
  5106 | D:5      | Found a stormy altar of Qazlal.
  5225 | D:5      | Killed Crazy Yiuf
  5324 | D:6      | Found a runed translucent door.
  5327 | D:6      | Noticed mys's ghost (novice NaAK)
  5339 | D:6      | Found a staircase to the Ecumenical Temple.
  5348 | Temple   | Entered the Ecumenical Temple
  5392 | Temple   | Became a worshipper of Yredelemnul the Dark
  5767 | D:6      | Reached skill level 5 in Fighting
  6180 | D:6      | Noticed Edmund
  6198 | D:6      | Killed Edmund
  6198 | D:6      | Reached skill level 1 in Summonings
  6539 | D:7      | Reached skill level 5 in Dodging
  6756 | D:7      | Noticed Pikel
  6777 | D:6      | Learned a level 3 spell: Ozocubu's Armour
  6814 | D:6      | Killed Pikel
  6814 | D:6      | Reached skill level 5 in Spellcasting
  6814 | D:6      | Reached XP level 9. HP: 43/75 MP: 7/15
  7103 | D:7      | Noticed Dowan
  7105 | D:7      | Noticed Duvessa
  7110 | D:7      | Killed Dowan
  7129 | D:7      | Killed Duvessa
  7784 | D:7      | Reached * piety under Yredelemnul
  7920 | D:7      | Reached skill level 1 in Invocations
  8058 | D:7      | Noticed Harold
  8083 | D:7      | Killed Harold
  8083 | D:7      | Reached XP level 10. HP: 13/86 MP: 9/17
  8407 | D:7      | Your ally Harold died
  8921 | D:8      | Noticed Psyche
  8928 | D:8      | Noticed Joseph
  9226 | D:8      | Killed Joseph
  9463 | D:8      | Noticed Maurice
  9521 | D:8      | Reached ** piety under Yredelemnul
  9534 | D:8      | Killed Maurice
  9757 | D:8      | Reached skill level 5 in Summonings
  9947 | D:8      | Killed Psyche
 10040 | D:8      | Your ally Psyche died
 10110 | D:8      | Noticed Grum
 10130 | D:8      | Killed Grum
 10638 | D:8      | Reached skill level 5 in Invocations
 10663 | D:8      | Reached *** piety under Yredelemnul
 10896 | D:9      | Found a staircase to the Orcish Mines.
 11057 | D:9      | Got a dazzling helmet
 11063 | D:9      | Identified the cursed +0 helmet of Gunnuzu {*Drain +Inv
                  | rC++ Str+4} (You found it on level 9 of the Dungeon)
 11205 | D:9      | Found Foigum's Antique Weapon Shop.
 11662 | Orc:1    | Entered Level 1 of the Orcish Mines
 11687 | Orc:2    | Entered Level 2 of the Orcish Mines
 11687 | Orc:2    | Noticed Azrael
 11717 | Orc:1    | Found a frozen archway.
 11722 | Orc:1    | Found a runed translucent door.
 11725 | IceCv    | Entered an ice cave
 11735 | IceCv    | Reached XP level 11. HP: 43/91 MP: 1/18
 12942 | IceCv    | HP: 2/90 [yak (4)]
 12978 | IceCv    | Slain by a yak

Skill      XL: |  1  2  3  4  5  6  7  8  9 10 11 |
---------------+----------------------------------+-----
Dodging        | 2 3 4 5 |  5.3
Spellcasting   | 2 3 4 5 |  5.4
Fighting       | 1 3 4 6 7 8 9 |  9.1
Ice Magic      | 4 5 7 8 9 |  9.8
Summonings     | 2 4 5 6 |  6.1
Invocations    | 2 5 6 |  6.0
Stealth        | |  2.1
Conjurations   | |  0.7

Action                   |  1- 3 |  4- 6 |  7- 9 | 10-12 || total
-------------------------+-------+-------+-------+-------++-------
Melee: Unarmed           |    22 |       |       |       ||    22
       Short sword       |    74 |     5 |       |       ||    79
       Mace              |       |    34 |   190 |   144 ||   368
       Hunting sling     |       |     1 |       |       ||     1
 Fire: Hunting sling     |       |    49 |   119 |    43 ||   211
Throw: Throwing net      |       |       |     1 |     1 ||     2
 Cast: Freeze            |    49 |    34 |   107 |    90 ||   280
       Ozocubu's Armour  |       |       |     8 |    12 ||    20
       Summon Ice Beast  |       |       |       |    29 ||    29
Invok: Animate Remains   |       |       |     5 |    20 ||    25
       Animate Dead      |       |       |       |    11 ||    11
       Recall Undead Sla |       |       |       |     4 ||     4
 Abil: Evoke Invisibilit |       |       |       |     1 ||     1
Evoke: Wand              |       |       |       |     1 ||     1
  Use: Potion            |     1 |       |     1 |     3 ||     5
       Scroll            |       |     7 |     1 |    12 ||    20
 Stab: Sleeping          |     1 |     1 |       |       ||     2
       Distracted        |       |       |       |     3 ||     3
  Eat: Chunk             |    16 |    13 |    24 |    16 ||    69
       Ration            |       |       |       |     8 ||     8
Armor: Leather armour    |    39 |    14 |   159 |   171 ||   383
       Robe              |     2 |       |       |       ||     2
Dodge: Dodged            |    63 |    37 |   264 |   265 ||   629
